 Dungeon Crawl Stone Soup version 0.19.1 (webtiles) character file.

70 Alarkh the Grave Robber (level 4, -15/30 HPs)
             Began as a Mummy Necromancer on Dec 10, 2016.
             Demolished by a big kobold
             ... wielding a +0 whip of electrocution
              (17 damage)
             ... in a sewer.
             The game lasted 00:04:38 (2228 turns).

Alarkh the Grave Robber (Mummy Necromancer)         Turns: 2228, Time: 00:04:38

Health: -15/30     AC:  2    Str: 11    XL:     4   Next: 3%
Magic:  3/8        EV: 12    Int: 15    God:
Gold:   91         SH:  0    Dex: 12    Spells: 3 memorised, 1 level left

rFire  x . .     SeeInvis .     n - +0 quarterstaff
rCold  + . .     Gourm    .     a - +0 robe
rNeg   + + +     Faith    .     (shield currently unavailable)
rPois  ∞         Spirit   .     (no helmet)
rElec  .         Reflect  .     (no cloak)
rCorr  .         Harm     .     (no gloves)
MR     .....                    (no boots)
Stlth  +.........               (no amulet)
                                (no ring)
                                (no ring)

@: no status effects
A: no food or potions, fire vulnerability, cold resistance 1, negative energy
resistance 3, torment resistance, unbreathing
a: no special abilities


You were in a sewer.
You were not hungry.

You visited 1 branch of the dungeon, and saw 3 of its levels.
You also visited: Sewer.

You collected 91 gold pieces.

Inventory:

Hand Weapons
 g - a +0 whip
 l - a +0 mace
 n - a +0 quarterstaff (weapon)
Armour
 a - a +0 robe (worn)
 m - a cursed +0 ring mail
Scrolls
 c - a scroll of enchant armour
 d - 2 scrolls of fear
 e - 2 scrolls of identify
 f - a scroll of immolation
 h - a scroll of magic mapping {unknown}
 i - 2 scrolls of fog {unknown}
 j - 2 scrolls of amnesia {unknown}
 k - a scroll of teleportation {unknown}
Books
 b - a book of Necromancy

   Spells                             Type                      Level
   a - Pain                           Necromancy                   1
   b - Animate Skeleton               Necromancy                   1
   c - Vampiric Draining              Necromancy                   3
   d - Regeneration                   Charms/Necromancy            3
   e - Animate Dead                   Necromancy                   4
   f - Control Undead                 Necromancy                   4


   Skills:
 - Level 1.5 Dodging
 - Level 1.5 Stealth
 + Level 3.2 Spellcasting
 + Level 4.8 Necromancy


You had one spell level left.
You knew the following spells:

 Your Spells              Type           Power        Failure   Level  Hunger
a - Pain                  Necr           ###.         2%          1    N/A
b - Vampiric Draining     Necr           ###.......   10%         3    N/A
c - Control Undead        Necr           ###.......   28%         4    N/A

Dungeon Overview and Level Annotations

Branches:
Dungeon (3/15)

Altars:
Elyvilon
Gozag
Yredelemnul

Annotations:
D:3 Ladykiller69's ghost, amateur HEAs


Innate Abilities, Weirdness & Mutations

You do not eat or drink.
Your flesh is vulnerable to fire.
You are immune to poison.
Your flesh is cold resistant. (rC+)
You are immune to negative energy. (rN+++)
You are immune to unholy pain and torment.
You can survive without breathing.


Message History

Casting: Vampiric Draining
Confirm with . or Enter, or press ? or * to list all spells.
You don't have enough magic to cast that spell.
Unknown command.
There is an empty arch of ancient stone here.
The big kobold barely misses you.
There is an empty arch of ancient stone here.
The big kobold misses you.
There is an open door here.
You enter the shallow water.
Moving in this stuff is going to be slow.
The big kobold hits you but does no damage.
You are electrocuted!
Ouch! That really hurt!
* * * LOW HITPOINT WARNING * * *
The big kobold hits you with a whip of electrocution.
* * * LOW HITPOINT WARNING * * *
You are electrocuted!
Ouch! That really hurt!
You die...

########## ##.....##.#
..........########
..P....P....#....#####
............'....#.∩.#
......≈≈P≈.('!!∩.#.∩.#
......≈≈≈≈≈.#†)..#...#
########≈≈########'###
≈≈≈≈≈≈≈≈≈≈≈≈≈≈@K≈≈≈#
≈≈≈≈≈≈≈≈≈≈≈≈≈≈≈≈≈≈≈#
≈≈≈≈≈≈≈≈≈≈≈≈≈≈≈≈≈≈≈#
≈≈≈#################
P≈ .


You could see a big kobold.

Vanquished Creatures
  3 adders (D:2)
  A worm (D:2)
  A dart slug (D:2)
  A leopard gecko (D:2)
  A giant cockroach (D:1)
  4 goblins
  2 hobgoblins (D:2)
  2 jackals (D:2)
  A quokka (D:2)
  6 bats
  4 frilled lizards
  9 kobolds
  8 rats
43 creatures vanquished.

Notes
Turn   | Place    | Note
-------+----------+-------------------------------------------
     0 | D:1      | Alarkh the Mummy Necromancer began the quest for the Orb.
     0 | D:1      | Reached XP level 1. HP: 13/13 MP: 3/3
   491 | D:1      | Reached XP level 2. HP: 19/19 MP: 3/5
   849 | D:2      | Found a white marble altar of Elyvilon.
   911 | D:2      | Found a basalt altar of Yredelemnul.
  1036 | D:2      | Found an opulent altar of Gozag.
  1551 | D:2      | Reached XP level 3. HP: 23/24 MP: 2/7
  1556 | D:2      | Learned a level 3 spell: Vampiric Draining
  1955 | D:3      | Noticed Ladykiller69's ghost (amateur HEAs)
  2019 | D:3      | Found a glowing drain.
  2026 | Sewer    | Entered a sewer
  2074 | Sewer    | Reached XP level 4. HP: 27/30 MP: 4/8
  2089 | Sewer    | Learned a level 4 spell: Control Undead
  2117 | Sewer    | Noticed a big kobold
  2228 | Sewer    | Demolished by a big kobold

Skill      XL: |  1  2  3 |
---------------+----------+-----
Spellcasting   | 3 |  3.2
Dodging        | |  1.5
Stealth        | |  1.5
Necromancy     | |  4.8

Action                   |  1- 3 |  4- 6 || total
-------------------------+-------+-------++-------
Melee: Whip              |     8 |       ||     8
       Quarterstaff      |     1 |     1 ||     2
 Cast: Pain              |    70 |     9 ||    79
       Vampiric Draining |       |     3 ||     3
  Use: Scroll            |     3 |     1 ||     4
Armor: Robe              |    13 |       ||    13
Dodge: Dodged            |    26 |    14 ||    40
